Map: Goldenaura LE

Players

Subwayeatn

  • Race: Zerg Zerg
  • League: Platinum
  • Spawn Location: 12:00

Sonto - Winner!

  • Race: Zerg Zerg
  • League: Diamond
  • Spawn Location: 5:00

VOD

Have the link to the VOD?

Description

Time

  • Played on: Nov. 8, 2023, 2:30 p.m.
  • Length: 8:21
Show
View Real Time Build Order
Export as new Build Order

Subwayeatn Zerg 

Build Orders: Hatch First 

Get SALT Encoding   

  12  0:01  Drone  
  13  0:12  Overlord  
  13  0:17  Drone  
  14  0:30  Drone x2  
  16  0:52  Hatchery  
  15  1:01  Drone x3  
  18  1:09  Extractor  
  17  1:19  Spawning Pool  
  16  1:48  Drone  
  16  1:49  Drone x2  
  20  2:01  Drone  
  20  2:20  Queen  
  20  2:21  Queen  
  24  2:25  Metabolic Boost  
  24  2:28  Overlord  
  24  2:33  Drone x4  
  28  2:46  Zergling x6  
  31  2:55  Zergling x2  
  32  3:00  Overlord  
  32  3:10  Baneling Nest  
  32  3:11  Drone x2  
  33  3:25  Drone x2  
  35  3:42  Hatchery  
  33  4:05  Queen  
  33  4:06  Queen  
  37  4:11  Drone x3  
  37  4:12  Roach Warren  
  37  4:13  Drone x4  
  37  4:16  Extractor  
  44  4:17  Drone x2  
  43  4:30  Zergling x4  
  32  4:53  Zergling x2, Roach x2  
  32  4:54  Roach x3  
  32  4:58  Queen  
  43  5:02  Roach x2  
  47  5:15  Roach  
  45  5:38  Drone x5  
  50  5:58  Evolution Chamber, Overlord  
  50  5:59  Overlord  
  50  6:01  Overlord  
  49  6:15  Queen  
  49  6:16  Drone x7  
  58  6:20  Drone x3  
  61  6:28  Lair  
  61  6:39  Extractor, Drone x5  
  65  6:52  Spine Crawler  
  65  6:53  Roach  
  66  6:55  Overlord  
  66  7:07  Spine Crawler  
  65  7:14  Queen  
  69  7:15  Roach  
  69  7:16  Roach x2  
  69  7:18  Overlord  
  69  7:20  Overlord  
  73  7:41  Roach x5  
  73  7:42  Roach x3  
Show
View Real Time Build Order
Export as new Build Order

Sonto Zerg - Winner!

Build Orders: Hatch First 

Get SALT Encoding   

  12  0:00  Drone  
  13  0:12  Overlord  
  13  0:17  Drone  
  14  0:40  Hatchery  
  13  0:44  Drone  
  13  0:49  Drone  
  15  0:52  Drone  
  16  1:08  Spawning Pool  
  15  1:12  Drone  
  15  1:15  Drone  
  17  1:18  Extractor  
  17  1:20  Drone  
  17  1:30  Overlord  
  17  1:44  Drone  
  18  1:52  Drone  
  19  1:56  Drone, Queen  
  19  1:58  Queen  
  24  2:09  Zergling x2  
  24  2:10  Zergling x2  
  24  2:13  Drone  
  27  2:20  Zergling x2  
  28  2:23  Drone  
  29  2:30  Metabolic Boost  
  29  2:32  Drone x2  
  31  2:45  Drone x2  
  31  2:50  Drone  
  34  2:57  Drone x2  
  36  3:02  Hatchery  
  35  3:06  Roach Warren  
  35  3:09  Drone x2  
  35  3:18  Drone  
  36  3:20  Overlord  
  36  3:21  Overlord  
  36  3:28  Evolution Chamber  
  36  3:32  Evolution Chamber  
  34  3:35  Drone x2  
  35  3:44  Zergling x8  
  35  3:45  Zergling x4  
  35  3:46  Zergling x2  
  41  3:49  Roach  
  43  4:02  Zergling x6  
  44  4:05  Drone x3  
  44  4:08  Zerg Missile Weapons Level 1  
  47  4:12  Zerg Ground Armor Level 1  
  47  4:16  Drone x2  
  49  4:17  Extractor  
  46  4:30  Roach  
  47  4:31  Roach  
  47  4:33  Zergling x8  
  47  4:34  Zergling x2  
  54  4:42  Queen  
  54  4:43  Queen  
  53  5:09  Roach x2  
  57  5:14  Overlord  
  57  5:15  Overlord x2  
  57  5:16  Overlord  
  48  5:31  Roach x4  
  48  5:32  Roach  
  48  5:33  Zergling x2  
  59  5:42  Queen  
  59  5:43  Roach x4  
  59  5:49  Drone  
  68  5:53  Ravager  
  69  6:01  Drone x2, Extractor  
  69  6:02  Drone  
  71  6:12  Roach  
  71  6:13  Drone, Roach x4  
  71  6:14  Drone x3  
  84  6:29  Roach x3  
  90  6:33  Overlord  
  90  6:34  Overlord  
  90  6:35  Overlord  
  90  6:47  Lair  
  90  6:55  Roach x2  
  90  6:56  Zergling x2, Roach  
  90  6:57  Zergling x8  
  101  7:05  Drone x3  
  104  7:11  Drone  
  104  7:12  Drone  
  106  7:17  Ravager  
  106  7:18  Ravager  
  108  7:23  Zergling x10  
  108  7:24  Zergling x2  
  114  7:36  Overlord x2  
  114  7:37  Overlord x2  
  123  8:21  Ravager  
Tags
 
Add a new tag
Caveats
  • Supply blocks, unpowered buildings, or Contaminate may cause inaccurate times.
  • Supply counts are checked every 10 seconds.